 Dungeon Crawl Stone Soup version 0.28.0-53-g5a82cb258f (webtiles) character file.

Game seed: 4417130845521481221

273 protoss039 the Digger (level 6, -3/47 HPs)
             Began as a Demonspawn Earth Elementalist on June 16, 2022.
             Killed from afar by an orc wizard (11 damage)
             ... with a puff of flame
             ... on level 4 of the Dungeon.
             The game lasted 00:04:28 (3890 turns).

protoss039 the Digger (DsEE)                        Turns: 3890, Time: 00:04:29

Health: -3/47      AC:  3    Str:  9    XL:     6   Next: 2%
Magic:  0/10       EV: 11    Int: 18    God:
Gold:   56         SH:  0    Dex: 13    Spells: 5/11 levels left

rFire   . . .      SeeInvis .   m - +2 dagger (venom)
rCold   . . .      Faith    .   (no shield)
rNeg    . . .      Spirit   +   e - +0 leather armour
rPois   +          Reflect  .   (helmet restricted)
rElec   .          Harm     .   (no cloak)
rCorr   .          Rampage  .   (no gloves)
Will    .....                   (no boots)
Stlth   ++........              (no amulet)
HPRegen 0.15/turn               r - ring of poison resistance
MPRegen 0.24/turn               (no ring)

@: very slightly contaminated
A: antennae 1, powered by pain 1, magic shield, magic regeneration
a: no special abilities


You were on level 4 of the Dungeon.
You visited 1 branch of the dungeon, and saw 4 of its levels.

You collected 122 gold pieces.
You spent 66 gold pieces at shops.

Inventory:

Hand Weapons
 j - a +3 short sword
 m - a +2 dagger of venom (weapon)
Missiles
 c - 63 stones
Armour
 d - a +0 helmet
 e - a +0 leather armour (worn)
Jewellery
 r - a ring of poison resistance (left hand)
Scrolls
 a - a scroll of torment {unknown}
 b - 2 scrolls of teleportation
 h - a scroll of brand weapon {unknown}
 i - a scroll of magic mapping {unknown}
 k - a scroll of acquirement {unknown}
 n - a scroll of amnesia {unknown}
 p - a scroll of noise {unknown}
 q - a scroll of vulnerability {unknown}
Potions
 f - 2 potions of berserk rage {unknown}
 g - 3 potions of degeneration {unknown}
 l - a potion of haste {unknown}
 o - a potion of curing


   Skills:
 * Level 3.3 Fighting
 + Level 2.0 Armour
 - Level 1.7 Dodging
 - Level 1.7 Stealth
 + Level 3.0 Spellcasting
 * Level 1.6 Conjurations
 - Level 1.0 Transmutations
 + Level 3.5 Earth Magic


You had 5 spell levels left.
You knew the following spells:

 Your Spells              Type           Power      Damage    Failure   Level
a - Sandblast             Erth           30%        2d9       4%          1
b - Passwall              Tmut/Erth      8%         N/A       13%         2
c - Stone Arrow           Conj/Erth      24%        3d8       22%         3

Your spell library contained the following spells:

 Spells                   Type           Power      Damage    Failure   Level
 Petrify                  Tmut/Erth      10%        N/A       65%         4


Dungeon Overview and Level Annotations

Branches:
Dungeon (4/15)
 Temple: D:4-7

Altars:
Uskayaw

Shops:
D:3 *


Innate Abilities, Weirdness & Mutations

You have a pair of small antennae on your head.
You sometimes gain a little power by taking damage.
When hurt, damage is shared between your health and your magic reserves.
You regenerate magic rapidly.


Message History

The bullfrog zombie hits you. The iguana bites you!
The bullfrog zombie hits you but does no damage.
You hit the iguana.
The iguana looks as sick as possible!
The iguana is almost dead.
You kill the iguana!
The bullfrog zombie hits you but does no damage.
Your Armour skill increases to level 2!
Your Spellcasting skill increases to level 3!
You have reached level 6!
Your demonic ancestry asserts itself...
A pair of antennae grows on your head!
Your +0 helmet falls away!
Press: ? - help, v - describe, . - travel, g - get item Item here: a manual of Ice Magic.
The floor.
Casting: Sandblast (safe; 4% risk of failure)
Confirm with . or Enter, or press ? or * to list all spells.
Aiming: Stone Arrow (dangerous; 22% risk of failure)
Press: ? - help, Shift-Dir - straight line, f - bullfrog zombie
Aim: a bullfrog zombie (81% to hit)
You miscast Stone Arrow.
You are very lightly contaminated with residual magic.
Energy rips through your body! The bullfrog zombie hits you.
* * * LOW HITPOINT WARNING * * *
Casting: Stone Arrow (dangerous; 22% risk of failure)
Confirm with . or Enter, or press ? or * to list all spells.
You don't have enough magic to cast this spell.
Unknown command.
You hit the bullfrog zombie.
The bullfrog zombie is lightly damaged.
The bullfrog zombie completely misses you.
You hit the orc wizard.
The orc wizard is lightly wounded.
You hit the orc wizard but do no damage.
The orc wizard is lightly wounded.
The bullfrog zombie hits you.
* * * LOW HITPOINT WARNING * * *
The orc wizard gestures at you while chanting.
The puff of flame hits you!
You die...

. #.##...# #.
.:?..!#
#.##.#...# ##
#.#.#...###..
#.#......!.#
...##.......?..
#...†oZ.....#
#@..# #...#
#...# #...# ##
##.##
#.####.####
#........####
##.##.>......
## ##..........


You could see an orc wizard and a bullfrog zombie.

Vanquished Creatures
  An ogre (D:3)
  A hound (D:4)
  An iguana (D:4)
  Robin (D:1)
  4 adders
  2 worms
  3 dart slugs
  8 ball pythons
  5 endoplasms
  3 giant cockroaches
  10 goblins
  9 hobgoblins
  6 jackals
  4 kobolds
  2 quokkas
  6 bats
  4 frilled lizards
  3 rats
73 creatures vanquished.

Notes
Turn   | Place    | Note
-------+----------+-------------------------------------------
     0 | D:1      | protoss039 the Demonspawn Earth Elementalist began the
                  | quest for the Orb.
     0 | D:1      | Reached XP level 1. HP: 13/13 MP: 3/3
    50 | D:1      | Reached skill level 1 in Transmutations
   335 | D:1      | Found a faded altar of an unknown god.
   393 | D:1      | Reached skill level 1 in Fighting
   393 | D:1      | Gained mutation: You regenerate magic rapidly. [demonic
                  | ancestry]
   393 | D:1      | Reached XP level 2. HP: 15/21 MP: 5/5
  1107 | D:1      | Learned a level 2 spell: Passwall
  1108 | D:2      | Noticed Robin
  1181 | D:2      | Reached XP level 3. HP: 16/26 MP: 4/6
  1450 | D:2      | Reached skill level 1 in Armour
  1466 | D:1      | Killed Robin
  1630 | D:2      | Gained mutation: When hurt, damage is shared between your
                  | health and your magic reserves. [demonic ancestry]
  1630 | D:2      | Reached XP level 4. HP: 12/33 MP: 5/7
  2063 | D:2      | Found a hide-covered altar of Uskayaw.
  2540 | D:2      | Learned a level 3 spell: Stone Arrow
  2715 | D:3      | Found Gyte's General Store.
  2732 | D:3      | Bought a potion of curing for 33 gold pieces
  3079 | D:3      | Noticed an ogre
  3084 | D:3      | Killed an ogre
  3085 | D:3      | Reached skill level 1 in Conjurations
  3085 | D:3      | Gained mutation: You sometimes gain a little power by
                  | taking damage. [demonic ancestry]
  3085 | D:3      | Reached XP level 5. HP: 41/41 MP: 3/9
  3731 | D:3      | Bought a scroll of teleportation for 33 gold pieces
  3887 | D:4      | Gained mutation: You have a pair of small antennae on your
                  | head. [demonic ancestry]
  3887 | D:4      | Reached XP level 6. HP: 23/47 MP: 4/10
  3890 | D:4      | Killed from afar by an orc wizard

Illustrated notes

Levels and vault maps discovered:
D:1:      dpeg_arrival_leaves_temple_mockup, layout_rooms,
          hellmonk_ecumenical_altar_pennies_from_heaven,
          minmay_misc_feat_enclosed
D:2:      layout_loops_cross, basic_altar, minmay_stone_trees_small,
          minivault_24, uniq_robin
D:3:      layout_basic, serial_shops, nicolae_diamond_shop,
          minmay_misc_feat_alley
D:4:      layout_loops_cross, minmay_manual_mess, uniq_sigmund, uniq_ijyb,
          uniq_crazy_yiuf_cottage

Skill      XL: |  1  2  3  4  5 |
---------------+----------------+-----
Transmutations | 1 |  1.0
Fighting       | 1 2 3 |  3.3
Earth Magic    | 3 |  3.5
Armour         | 1 2 |  2.0
Conjurations   | 1 |  1.6
Spellcasting   | 3 |  3.0
Dodging        | |  1.7
Stealth        | |  1.7

Action                   |  1- 3 |  4- 6 || total
-------------------------+-------+-------++-------
Melee: Short sword       |    81 |    43 ||   124
       Unarmed           |     5 |       ||     5
       Punch             |     2 |     1 ||     3
       Dagger            |       |    69 ||    69
 Cast: Sandblast         |    23 |    10 ||    33
       Stone Arrow       |       |     1 ||     1
 Stab: Sleeping          |     1 |     4 ||     5
Armor: Leather armour    |    27 |    42 ||    69
       Robe              |     5 |       ||     5
Dodge: Dodged            |    69 |    63 ||   132
